AoeStats
← Pillage The Village

Arabia

510586971Analyzed
3v3 RM · 9h ago on Oct 1, 2026· 71m 57s· 6 players
Game mode
Random Map
Map size
Normal (6 player)
Population
200
Speed
Normal
Resources
Standard
Victory
Conquest
Starting age
Dark Age
Ending age
Imperial Age
RankedLock teamsTeams togetherTeam positionsShared explorationLock speedFull tech treeHidden civsTurbo modeCheats
Victory
Defeat
🇧🇪 Khmer · Belgium
1234
+10
🇧🇪 Mongols · Belgium
1043
+18
🇧🇪 Franks · Belgium
968
+20
🇩🇪 Ethiopians · Germany
1168
-20
🇩🇪 Saxons · Germany
1064
-15
🇩🇪 Bohemians · Germany
1011
-13
Pillage The Village
6:10 Loom
6:47 Loom
8:49 Feudal Age
9:28 Double-Bit Axe
19:13 Castle Age
17:23 Gold Mining
17:59 Bloodlines
18:47 Horse Collar
19:50 Fletching
20:10 Husbandry
20:47 Bodkin Arrow
24:11 Padded Archer Armor
25:14 Bow Saw
26:58 Ballistics
31:57 Imperial Age
31:18 Wheelbarrow
33:19 Parthian Tactics
32:59 Bracer
34:02 Chemistry
33:59 Heavy Cavalry Archer
38:28 Hand Cart
40:09 Heavy Plow
40:01 Stone Mining
40:47 Gold Shaft Mining
43:01 Forging
42:57 Scale Barding Armor
42:15 Light Cavalry
43:33 Crop Rotation
44:26 Iron Casting
44:34 Hussar
45:36 Chain Barding Armor
47:00 Blast Furnace
47:51 Plate Barding Armor
49:40 Conscription
49:58 Hoardings
49:41 Leather Archer Armor
51:51 Ring Archer Armor
51:41 Capped Ram
52:39 Heavy Scorpion
59:01 Double Crossbow
60:09 Siege Engineers
65:32 Town Watch
68:02 Siege Ram
Pontifex Fakkulus
7:18 Loom
9:33 Feudal Age
10:52 Double-Bit Axe
12:02 Town Watch
13:02 Scale Barding Armor
23:51 Castle Age
25:56 Wheelbarrow
25:07 Elite Skirmisher
26:39 Padded Archer Armor
27:13 Bow Saw
27:59 Hand Cart
31:35 Crossbowman
32:19 Fletching
33:59 Leather Archer Armor
34:31 Town Patrol
40:56 Imperial Age
39:08 Bodkin Arrow
40:13 Chain Barding Armor
40:07 Forging
41:47 Elite Throwing Axeman
52:18 Chemistry
51:39 Ballistics
53:43 Cavalier
63:15 Iron Casting
COMMANDER SANDER
5:49 Loom
9:59 Feudal Age
11:04 Double-Bit Axe
14:21 Horse Collar
20:22 Castle Age
19:16 Padded Archer Armor
19:07 Fletching
21:42 Leather Archer Armor
21:23 Bodkin Arrow
22:42 Gold Mining
23:34 Thumb Ring
24:02 Bow Saw
23:29 Crossbowman
24:18 Heavy Plow
24:26 Husbandry
24:36 Bloodlines
24:52 Elite Skirmisher
45:17 Imperial Age
48:49 Scale Barding Armor
48:44 Bracer
48:12 Light Cavalry
55:46 Forging
59:54 Chain Barding Armor
60:10 Iron Casting
61:18 Hussar
63:11 Wheelbarrow
70:42 Hand Cart
70:59 Parthian Tactics
71:50 Caravan
71:42 Heavy Cavalry Archer
Awkward Conversation
6:32 Loom
10:30 Feudal Age
9:41 Loom
11:38 Double-Bit Axe
12:45 Horse Collar
15:48 Fletching
15:54 Gold Mining
22:31 Castle Age
20:38 Padded Archer Armor
21:06 Scale Mail Armor
21:48 Forging
23:00 Wheelbarrow
23:36 Chain Mail Armor
23:24 Heavy Plow
22:56 Elite Skirmisher
23:10 Crossbowman
25:05 Squires
26:15 Stone Mining
26:20 Arson
28:05 Iron Casting
31:15 Gambesons
31:28 Bodkin Arrow
31:48 Leather Archer Armor
34:53 Gold Shaft Mining
34:45 Bow Saw
37:55 Imperial Age
35:43 Hand Cart
37:57 Thumb Ring
38:36 Bracer
39:08 Plate Mail Armor
38:02 Arbalester
38:06 Elite Varangian Guard
39:17 Conscription
41:18 Shield Wall
43:04 Ballistics
42:40 Murder Holes
43:45 Chemistry
42:51 Siege Engineers
44:24 Ring Archer Armor
46:20 Elite Skirmisher
64:31 Scale Barding Armor
64:03 Capped Ram
65:47 Husbandry
65:57 Bloodlines
66:20 Light Cavalry
68:57 Hussar
70:04 Chain Barding Armor
You_can't_see_me
9:32 Feudal Age
9:55 Loom
12:00 Double-Bit Axe
23:09 Castle Age
21:31 Gold Mining
22:01 Padded Archer Armor
21:51 Fletching
22:23 Horse Collar
23:11 Crossbowman
24:28 Bodkin Arrow
25:44 Leather Archer Armor
27:27 Gold Shaft Mining
27:56 Wheelbarrow
32:38 Ballistics
54:11 Imperial Age
54:55 Arbalester
57:02 Bracer
58:56 Light Cavalry
59:37 Husbandry
67:43 Scale Barding Armor
67:48 Forging
70:08 Hand Cart
stoibech
9:53 Loom
12:17 Feudal Age
13:58 Double-Bit Axe
13:54 Horse Collar
19:03 Wheelbarrow
22:54 Castle Age
22:29 Forging
23:59 Bow Saw
24:04 Heavy Plow
26:22 Iron Casting
25:09 Elite Skirmisher
27:15 Fletching
29:14 Town Watch
34:11 Imperial Age
33:09 Hand Cart
33:45 Pikeman
34:28 Squires
35:34 Bodkin Arrow
37:38 Chemistry
41:59 Halberdier
55:02 Arson
61:40 Scale Mail Armor
62:41 Blast Furnace
66:46 Two-Man Saw
69:02 Chain Mail Armor
70:42 Plate Mail Armor
Connection lost

Rejoining the realm…

Still unreachable

The connection could not be restored.

Session expired

The server has moved on; the page needs a fresh start.